[Event "FIDE U16 Olympiad_boards_81-124"]
[Site "Eindhoven, Netherlands"]
[Date "2023.08.13"]
[Round "1.1"]
[White "Siva Kumar, Nirish Kumar"]
[Black "Suleimen, Ergali"]
[Result "0-1"]
[TimeControl "45min+10sec"]
[WhiteElo "1613"]
[BlackElo "2095"]

1. d4 Nf6 2. c4 g6 3. Nc3 d5 4. cxd5 Nxd5 5. e4 Nxc3 6. bxc3 Bg7 7. Bc4 c5 8. Ne2 O-O 9. Be3 Nc6 10.
O-O b6 11. Qd2 Bb7 12. Rfd1 cxd4 13. cxd4 e6 14. Rac1 Rc8 15. Bh6 Na5 16. Bd3 Qd6 17. Be3 Rfd8 18. Rxc8 Rxc8 19. Rc1 Rc6 20.
Rxc6 Qxc6 21. Qc2 Qxc2 22. Bxc2 Nc4 23. Bc1 Nd6 24. e5 Nf5 25. Bb2 Kf8 26. f3 Ba6 27. Nf4 Bh6 28. g3 Bxf4 29.
gxf4 Ne3 30. Bb3 Bc4 31. Bxc4 Nxc4 32. Bc1 Ke8 33. Kf2 Kd7 34. a4 Kc6 35. Kg3 Kd5 36. Kh4 h6 37. f5 exf5 38.
Bxh6 Kxd4 39. e6 f6 40. Bf4 g5 41. Kh5 gxf4 42. Kg6 Ke3 43. e7 Nd6 44. h4 Kxf3 45. h5 Kg4 46. h6 f3 47. h7 f2 48. h8=Q f1=Q 49. Qxf6 Qf4 50. Kh7 Qh2+ 51.
Kg8 Qa2+ 52. Kh7 Qh2+ 53. Kg8 Qa2+ 54. Kh7 Qd5 55. Qg6+ Kf4 56. Qh6+ Ke4 57. Qh1+ Ke5 58. Qa1+ Ke6 59. Qg7 Ne8 60. Qh6+ Kxe7 61.
Qe3+ Qe6 62. Qa3+ Kf7 63. Qg3 Nf6 64. Kh6 Ng4+ 0-1

[Event "FIDE U16 Olympiad_boards_81-124"]
[Site "Eindhoven, Netherlands"]
[Date "2023.08.13"]
[Round "1.2"]
[White "Nurgaliyev, Sauat"]
[Black "Helmy, Muhammad Adnin Nuaym"]
[Result "1-0"]
[TimeControl "45min+10sec"]
[WhiteElo "2062"]
[BlackElo "1292"]

1. e4 c5 2. Nf3 e6 3. d4 cxd4 4. Nxd4 Nc6 5. Nc3 Qc7 6.
Be2 a6 7. O-O Nf6 8. Be3 Be7 9. f4 d6 10. Qe1 O-O 11. Kh1 Nxd4 12. Bxd4 b5 13. a3 Bb7 14. Qg3 Ne8 15. Bd3 Bf6 16.
e5 dxe5 17. fxe5 Be7 18. Rae1 Bc5 19. Bxc5 Qxc5 20. Qh4 g6 21. Be4 Bc6 22. Qh6 Ra7 23. Bxc6 Qxc6 24. Ne4 f5 25. exf6 e5 26.
h4 Nxf6 27. Qxf8+ Kxf8 28. Rxf6+ Qxf6 29.
Nxf6 1-0

[Event "FIDE U16 Olympiad_boards_81-124"]
[Site "Eindhoven, Netherlands"]
[Date "2023.08.13"]
[Round "1.3"]
[White "Akhramsyah, Ashraf Alimuddin Zah"]
[Black "Moldagali, Beksultan"]
[Result "0-1"]
[TimeControl "45min+10sec"]
[WhiteElo "1350"]
[BlackElo "1883"]

1. e4 e5 2. f4 d5 3. exd5 exf4 4. Nf3 Nf6 5. Nc3 Nxd5 6. Bc4 Nxc3 7. dxc3 Qxd1+ 8. Kxd1 Bd6 9. Re1+ Kf8 10.
h3 f6 11. Nd4 Nc6 12. Nb5 Be5 13. Rf1 g5 14. Na3 Kg7 15. Ke2 Re8 16. Kf2 Bd6 17. Nb5 Bc5+ 18. Nd4 Nxd4 19. cxd4 Bxd4+ 20. Kf3 Bd7 21. Bd5 Rad8 22. Bxb7 Bb5 23. Bxf4 Be2+ 24. Kg3 gxf4+ 25. Rxf4 Bxb2 26. Re1 Be5 27. Kf2 Bxf4 28. Rxe2 Rxe2+ 29. Kxe2 Rd2+ 30. Kf3 Bd6 31. Be4 h5 32. Ke3 Rd1 33.
Ke2 Ra1 34. Bd5 f5 35. Kd3 Kf6 36. Ke2 Ke5 37. Bf7 h4 38. Bb3 Ke4 39. c4 Rg1 40. Bc2+ Kf4 41. Bd3 Rxg2+ 42. Ke1 Ke3 43.
Bf1 Rd2 44. Bg2 Bg3+ 45. Kf1 Rd1# 0-1

[Event "FIDE U16 Olympiad_boards_81-124"]
[Site "Eindhoven, Netherlands"]
[Date "2023.08.13"]
[Round "1.4"]
[White "Kaldarova, Ayaulym"]
[Black "Mohd Tarmizi, Nur Uzma Bazilah"]
[Result "1/2-1/2"]
[TimeControl "45min+10sec"]
[WhiteElo "1845"]
[BlackElo "1367"]

1. Nf3 d5 2. g3 c5 3. Bg2 Nf6 4. O-O e6 5. c4 Be7 6. cxd5 exd5 7. d4 O-O 8. Nc3 h6 9. b3 Nc6 10.
Bb2 Be6 11. Rc1 Rc8 12. e3 Re8 13. dxc5 Bxc5 14. Ne2 Bb6 15. Nf4 Ne4 16. Re1 Qd7 17. a3 Rcd8 18. b4 a6 19. Nd3 Bg4 20.
Qb3 Bxf3 21. Bxf3 d4 22. exd4 Nxd4 23. Bxd4 Qxd4 24. Bxe4 Rxe4 25. Rxe4 Qxe4 26. Nc5 Qe2 27. Kg2 Rd2 28.
Qf3 Qxf3+ 29. Kxf3 Bxc5 30. Rxc5 Rd3+ 31. Ke2 Rxa3 32. Rc8+ Kh7 33. Rc7 Ra2+ 34. Ke3 Ra3+ 35. Ke2 Kg6 36.
Rxb7 f6 37. Rb6 Ra4 38. Ke3 a5 39. bxa5 Rxa5 40. h4 1/2-1/2

[Event "FIDE U16 Olympiad_boards_81-124"]
[Site "Eindhoven, Netherlands"]
[Date "2023.08.13"]
[Round "1.5"]
[White "Makridis, Dimitrios"]
[Black "Medina, Joshua"]
[Result "1-0"]
[TimeControl "45min+10sec"]
[WhiteElo "2264"]
[BlackElo "1644"]

1. e4 c5 2. Nf3 Nc6 3. Bb5 e5 4. O-O Bd6 5. c3 a6 6. Bxc6 dxc6 7. d4 cxd4 8. cxd4 Bg4 9. dxe5 Bxf3 10.
Qxd6 Bxe4 11. Qb4 Bxb1 12. Rxb1 Qc7 13. Qg4 Kf8 14. Be3 b6 15. Rbd1 h5 16. Qf3 Ne7 17. e6 Nd5 18. Bxb6 Qb7 19.
Rfe1 Re8 20. Bd4 Rh6 21. exf7 Rxe1+ 22. Rxe1 Qxf7 23. Qa3+ Kg8 24.
Qxa6 Rg6 25. g3 h4 26. Qc8+ Kh7 27. Re8 Rd6 28. Rh8+ Kg6 29. Qg4# 1-0

[Event "FIDE U16 Olympiad_boards_81-124"]
[Site "Eindhoven, Netherlands"]
[Date "2023.08.13"]
[Round "1.6"]
[White "La Fleur, Juninho"]
[Black "Magkalakis, Stefanos"]
[Result "0-1"]
[TimeControl "45min+10sec"]
[WhiteElo "1328"]
[BlackElo "2091"]

1. e4 e5 2. Nf3 Nc6 3. Bc4 Nf6 4. d3 h6 5. O-O d6 6. c3 g6 7. Re1 Bg7 8. Nbd2 O-O 9. Nf1 Na5 10.
Bb5 a6 11. Ba4 b5 12. Bc2 c5 13.
Bd2 Nc6 14. h3 d5 15. Qc1 Kh7 16. N3h2 Be6 17. Ng3 Rc8 18. f4 exf4 19. Bxf4 dxe4 20. dxe4 b4 21. Kh1 Qa5 22. Bd2 Ne5 23.
Bf4 Nfd7 24. cxb4 cxb4 25. Qd1 Rfd8 26. Re2 Nc5 27. Rd2 Nc4 28. Rxd8 Rxd8 29. Qf1 Bxb2 30. Re1 Bc3 31. e5 Bxe1 32.
Nh5 Qxa2 33. Bxh6 0-1

[Event "FIDE U16 Olympiad_boards_81-124"]
[Site "Eindhoven, Netherlands"]
[Date "2023.08.13"]
[Round "1.7"]
[White "Gkavardinas, Antonios"]
[Black "Samuel Bisnath, Kael"]
[Result "1-0"]
[TimeControl "45min+10sec"]
[WhiteElo "1978"]
[BlackElo "1432"]

1. e4 e5 2. Nf3 Nc6 3. Bc4 Bc5 4. d3 Nf6 5. O-O d6 6. c3 O-O 7. Nbd2 Be6 8. Bxe6 fxe6 9. b4 Bb6 10.
a4 a5 11. b5 Ne7 12. Nc4 Ng6 13. h3 c5 14. Re1 Bc7 15. Ra2 b6 16. Rd2 Qb8 17. Ng5 Re8 18. d4 exd4 19. cxd4 cxd4 20.
Rxd4 d5 21. exd5 exd5 22. Ne3 Be5 23. Rxd5 h6 24. Qb3 Nxd5 25. Qxd5+ Kh8 26. Nf7+ Kh7 27. Rd1 Bf6 28. Ng4 Be7 29. Bb2 Bc5 30. Ngxh6 gxh6 31.
Ng5+ hxg5 32. Qf7+ Kh6 33. Qg7+ Kh5 34. Qh7# 1-0

[Event "FIDE U16 Olympiad_boards_81-124"]
[Site "Eindhoven, Netherlands"]
[Date "2023.08.13"]
[Round "1.8"]
[White "Ramnarine Singh, Aradhana"]
[Black "Gkoutzouki, Aikaterini Argyro"]
[Result "0-1"]
[TimeControl "45min+10sec"]
[WhiteElo "1210"]
[BlackElo "1548"]

1. e4 c5 2. Nf3 Nc6 3. d4 cxd4 4. Nxd4 e5 5. Nf3 Nf6 6. Nc3 Bb4 7.
Bd3 d6 8. h3 Bxc3+ 9. bxc3 h6 10.
O-O Be6 11. Re1 Qc7 12. Qe2 O-O 13. Bd2 Ne7 14. Nh4 Ng6 15. Nxg6 fxg6 16. Rf1 Nh5 17. Qe1 Qe7 18. Kh2 g5 19. Qe2 Nf4 20. Bxf4 gxf4 21. f3 Rac8 22. c4 Qf7 23. Rg1 g5 24. Rab1 Rc7 25. a3 b6 26. Rbd1 Kh8 27. Qe1 Qh5 28. Be2 Rd8 29. Rh1 Qf7 30. Kg1 h5 31. Qf2 h4 32. Qe1 Bxc4 33. Bxc4 Qxc4 34. Rc1 Qc5+ 35. Qf2 Qxa3 36. Kh2 Qc5 37. Qe2 a5 38. Rhd1 Qc4 39. Qf2 Rc5 40. Rb1 b5 41. Rdc1 b4 0-1

[Event "FIDE U16 Olympiad_boards_81-124"]
[Site "Eindhoven, Netherlands"]
[Date "2023.08.13"]
[Round "1.9"]
[White "Huang, Zi-Chen"]
[Black "Perossa, Nicolas"]
[Result "0-1"]
[TimeControl "45min+10sec"]
[WhiteElo "1492"]
[BlackElo "2062"]

1. e4 e6 2. d4 d5 3. Nc3 Bb4 4. e5 c5 5. a3 Bxc3+ 6. bxc3 Ne7 7. Qg4 O-O 8. Bd3 Qc7 9. Bg5 cxd4 10.
Ne2 Ng6 11. cxd4 Qa5+ 12. Bd2 Qa4 13. Qh5 Nc6 14. c3 b6 15. O-O Ba6 16. Bxa6 Qxa6 17. Ng3 Nce7 18. Qf3 Qa4 19. Qe2 Rfe8 20.
f4 Rac8 21. f5 Nxf5 22. Nxf5 exf5 23. Rxf5 Qd7 24. Qf2 Nf8 25. Rf1 Rc7 26. g4 Re6 27. h3 Rg6 28. Kh2 Ne6 29. Rg1 a5 30. h4 h6 31. h5 Rg5 32. Bxg5 Nxg5 33. Rc1 Ne4 34. Qf3 b5 35. Rf4 Ng5 36.
Qf1 Ne6 37. Rf5 Rc4 38. Qe1 Qc7 39. Rf1 Qc8 40. Kg3 Ng5 41. Rf4 b4 42. axb4 axb4 43. Qf1 b3 44. Rb1 Rxc3+ 45. Kg2 Ne4 46. Rf3 Qxg4+ 0-1

[Event "FIDE U16 Olympiad_boards_81-124"]
[Site "Eindhoven, Netherlands"]
[Date "2023.08.13"]
[Round "1.10"]
[White "Candian, Lorenzo"]
[Black "Lai, Hong-Yi"]
[Result "1-0"]
[TimeControl "45min+10sec"]
[WhiteElo "1922"]
[BlackElo "1469"]

1. e4 e6 2. d4 d5 3. Nd2 c5 4. Ngf3 cxd4 5. Nxd4 Nc6 6. Nxc6 bxc6 7. Bd3 Nf6 8. O-O Bd6 9. Qe2 Qc7 10.
h3 O-O 11. Re1 e5 12. a3 a5 13. c4 d4 14. Nf3 Nd7 15. Bd2 a4 16. Nh4 Rb8 17. Nf5 Nc5 18. Nxd6 Qxd6 19. Bb4 Re8 20.
Rab1 Qe7 21. Qc2 Be6 22. Bxc5 Qxc5 23. Qxa4 Ra8 24. Qc2 Qe7 25. Qc1 Rf8 26. b4 f5 27. Ra1 f4 28. f3 Qg5 29.
Qd2 Bxh3 30. a4 Rf6 31. b5 Rh6 32. c5 Be6 33. Qf2 Qh5 34. Kf1 Rg6 35. Ke2 Rg3 36. b6 Qg5 37. Kf1 Qe7 38.
Rec1 h5 39. a5 h4 40. a6 h3 41. b7 h2 42. Ke2 Rb8 43. a7 Qg5 44. axb8=Q+ Kh7 45. Rh1 Rxg2 1-0

[Event "FIDE U16 Olympiad_boards_81-124"]
[Site "Eindhoven, Netherlands"]
[Date "2023.08.13"]
[Round "1.11"]
[White "Sun, Chang-Jyu"]
[Black "Vincenti, Leonardo"]
[Result "0-1"]
[TimeControl "45min+10sec"]
[WhiteElo "1238"]
[BlackElo "2180"]

1. e4 c5 2. c3 d5 3. exd5 Qxd5 4.
d4 Nc6 5. Nf3 Bf5 6. Be3 Nf6 7. Be2 cxd4 8. Nxd4 Nxd4 9. cxd4 e6 10. O-O Bxb1 11. Qa4+ Nd7 12. Raxb1 Qd6 13. Bf3 Rb8 14.
g3 Qa6 15. Qxa6 bxa6 16. Bc6 Bd6 17. Rfe1 Ke7 18. d5 Ne5 19. Kg2 Nxc6 20. dxc6 Rbc8 21. Rec1 Rc7 22. Rc4 Rb8 23. b4 Rbc8 24.
Rbc1 Rb8 25. a4 Rxb4 26. Rxb4 Bxb4 27. Bxa7 Ba5 28. Bc5+ Ke8 29. Bd6 Rc8 30. g4 Bc7 31. Bg3 Bxg3 32.
Kxg3 Ke7 33. Rb1 Rxc6 34. Rb7+ Kf6 35. Rb4 g5 36. h4 h6 37. hxg5+ hxg5 38. Kh3 Ke5 39. Rb7 Rc3+ 40. Kg2 Rc4 41.
Kg3 f6 42. a5 Rc5 43. Rb3 Rxa5 44. Re3+ Kd6 45. f4 gxf4+ 46. Kxf4 Ra4+ 47. Kg3 a5 48. Rf3 Ke7 49. Rc3 Rb4 50.
Rc7+ Kd6 51. Rf7 Ke5 52. Ra7 a4 53. Ra5+ Kd6 54. Ra6+ Ke7 55. Ra7+ Kf8 56. Ra8+ Kf7 57. Ra7+ Kg6 58. Ra6 Kg5 59. Rxe6 Rxg4+ 60. Kf3 Rb4 61. Ra6 f5 62. Ra5 Rb3+ 63. Kf2 a3 64. Kf1 Kg4 65. Ke1 f4 66. Kd2 f3 67.
Kc2 Rb2+ 68. Kc3 f2 69. Rxa3 Rb1 70. Ra4+ Kg3 71. Kd4 0-1

[Event "FIDE U16 Olympiad_boards_81-124"]
[Site "Eindhoven, Netherlands"]
[Date "2023.08.13"]
[Round "1.12"]
[White "Zito, Enrica"]
[Black "Tsai, Sophie Yi-Hsuan"]
[Result "1-0"]
[TimeControl "45min+10sec"]
[WhiteElo "1625"]
[BlackElo "1155"]

1. e4 c5 2. c3 Nf6 3. e5 Nd5 4. Nf3 Nc6 5. d4 cxd4 6. cxd4 d6 7. Bc4 Nb6 8. Bb5 a6 9. Bxc6+ bxc6 10. Qc2 Bb7 11. e6 f6 12.
O-O Qc8 13. Qe2 a5 14. Rd1 Ba6 15. Qe1 Bc4 16. Be3 Bxe6 17. Na3 Bd5 18. Nd2 h5 19. Rac1 h4 20. h3 g5 21. f3 Bg7 22.
Ndc4 Nxc4 23. Nxc4 Qa6 24. b3 Kf7 25. Bd2 a4 26. Ne3 axb3 27. Nxd5 cxd5 28. axb3 Rhc8 29. Qe3 Rxc1 30. Bxc1 Re8 31.
f4 gxf4 32. Qf3 e6 33. Bxf4 Rh8 34. Bg5 Ke7 35. Rf1 Rf8 36. Bxh4 Qb6 37. Qg4 Rf7 38. Kh1 Qb7 39. Re1 Qd7 40.
Qh5 Qc6 41. Qf5 Qd7 42. Qxd5 Kf8 43. Qa8+ Ke7 44. Ra1 Qe8 45. Ra7+ Kf8 46. Qxe8+ Kxe8 47. Rxf7 Kxf7 48. Bg3 e5 49. d5 f5 50. Bh4 Bh6 51.
Kg1 Be3+ 52. Bf2 Bg5 53. Kf1 Kg6 54. b4 Bd8 55. Ba7 e4 56. Ke2 f4 57. b5 Kf5 58. Bd4 Bc7 59. b6 Bb8 60.
Bg7 Kg6 61. Bf8 Kf5 62. Be7 Ke5 63. Bd8 Kxd5 64. Bc7 1-0

[Event "FIDE U16 Olympiad_boards_81-124"]
[Site "Eindhoven, Netherlands"]
[Date "2023.08.13"]
[Round "1.13"]
[White "Grgantov, Marin"]
[Black "Wangthumboon, Patawee"]
[Result "1/2-1/2"]
[TimeControl "45min+10sec"]
[WhiteElo "2192"]
[BlackElo "1452"]

1. e4 c5 2. Nc3 e6 3. f4 Nc6 4. Nf3 Nge7 5. d3 g6 6. g3 Bg7 7. Bg2 O-O 8. O-O Rb8 9. Be3 Nd4 10.
Ne2 Nxe2+ 11. Qxe2 b6 12. d4 cxd4 13. Nxd4 Bb7 14. Rfd1 d5 15. c4 Qe8 16. cxd5 exd5 17. e5 Qd7 18.
Qf1 Nf5 19. Nxf5 Qxf5 20. Bxd5 Bxd5 21. Rxd5 Qe4 22. Qd3 Qxd3 23. Rxd3 Rfc8 24. Rad1 Bf8 25. Rd7 Rc2 26. R1d2 Rbc8 27.
Rxa7 Bc5 28. Rd3 Bxe3+ 29. Rxe3 Rxb2 30. Rf3 Rc1+ 31. Rf1 Rcc2 32. Rf3 Rc1+ 33. Rf1 Rcc2 34. Rf3 1/2-1/2

[Event "FIDE U16 Olympiad_boards_81-124"]
[Site "Eindhoven, Netherlands"]
[Date "2023.08.13"]
[Round "1.14"]
[White "Saipetch, Kai"]
[Black "Colev, Ivor"]
[Result "0-1"]
[TimeControl "45min+10sec"]
[WhiteElo "1270"]
[BlackElo "1895"]

1. e4 c5 2. c3 d6 3. d4 Nf6 4.
Bd3 Nc6 5. Nf3 Bg4 6. Qa4 Bd7 7. Qb3 b6 8. O-O e6 9. Bf4 Be7 10. Na3 O-O 11. Nc4 d5 12. exd5 exd5 13. Nce5 c4 14.
Nxc6 Bxc6 15. Bxc4 dxc4 16. Qxc4 Bxf3 17. gxf3 Qd5 18. Qd3 Nh5 19. Bd2 Bd6 20. Kh1 Nf4 21. Bxf4 Bxf4 22. Rg1 Qh5 23.
Rg2 Rae8 24. d5 Re5 25. c4 Rfe8 26. Qc3 Qh6 27. Rd1 Rh5 0-1

[Event "FIDE U16 Olympiad_boards_81-124"]
[Site "Eindhoven, Netherlands"]
[Date "2023.08.13"]
[Round "1.15"]
[White "Sundac, Ivano"]
[Black "Jiroajvanichakorn, Rathasart"]
[Result "1-0"]
[TimeControl "45min+10sec"]
[WhiteElo "1877"]
[BlackElo "1344"]

1. d4 d5 2. c4 c6 3. Nf3 Nf6 4. Nc3 dxc4 5. a4 Bf5 6. e3 e6 7. Bxc4 Bb4 8. Bd2 O-O 9. O-O Nbd7 10.
Qe2 Bg6 11. Rfd1 Qc7 12. Rac1 Rad8 13. h3 a6 14. Ba2 Qa5 15. Bb3 c5 16. Be1 cxd4 17. exd4 Nb6 18. Ne5 Rfe8 19. Qf3 Re7 20.
g4 Nfd5 21. h4 f6 22. Nxd5 exd5 23. Nxg6 hxg6 24. Bc3 Nc4 25. Bc2 Bxc3 26. bxc3 Nb2 27. Re1 Rde8 28. Rxe7 Rxe7 29. Bxg6 Nxa4 30.
Qf5 Qd8 31. Qh5 Re2 32. g5 Re4 33. Qh7+ Kf8 34. Qh8+ Ke7 35. Qxg7+ Kd6 36. Bxe4 dxe4 37. c4 fxg5 38. hxg5 Qe7 39.
Qg6+ Kd7 40. Rb1 Kc7 41. Qf6 Qxf6 42. gxf6 Nb6 43. Rxb6 1-0

[Event "FIDE U16 Olympiad_boards_81-124"]
[Site "Eindhoven, Netherlands"]
[Date "2023.08.13"]
[Round "1.16"]
[White "Bootsumran, Sirin"]
[Black "Begic, Klara"]
[Result "0-1"]
[TimeControl "45min+10sec"]
[WhiteElo "1265"]
[BlackElo "1812"]

1. e4 e6 2. Nf3 d5 3. Nc3 dxe4 4. Nxe4 Nd7 5.
d4 Ngf6 6. Nxf6+ Nxf6 7. Bd3 Be7 8. c3 O-O 9. Qc2 b6 10. Bg5 h6 11. Be3 Bb7 12. O-O-O a5 13. Nd2 Ng4 14. Be4 Bxe4 15.
Qxe4 Nxe3 16. fxe3 b5 17. Rhf1 Ra6 18. Nb3 a4 19. Nc5 Bxc5 20. dxc5 Qg5 21. Qd4 Rc6 22. Rf3 Rxc5 23. Rg3 Qe5 24.
Qh4 a3 25. Qb4 Ra8 26. Rd4 axb2+ 27. Kxb2 Ra4 28. Rd8+ Kh7 29. Qb3 Rac4 30. Qc2+ Qf5 31. Qxf5+ Rxf5 32. Rd7 g5 33. e4 Rf4 34.
e5 Kg6 35. Kb3 c5 36. Rc7 b4 37. cxb4 Rxb4+ 38. Kc2 Rbc4+ 39. Kb3 Rb4+ 40. Kc2 c4 41. Kc3 Ra4 0-1

[Event "FIDE U16 Olympiad_boards_81-124"]
[Site "Eindhoven, Netherlands"]
[Date "2023.08.13"]
[Round "1.17"]
[White "Olando, Paul Jnr"]
[Black "Lavrencic, Matic"]
[Result "0-1"]
[TimeControl "45min+10sec"]
[WhiteElo "1381"]
[BlackElo "2220"]

1. e4 c5 2. Nf3 d6 3. d4 cxd4 4. Nxd4 Nf6 5. Nc3 a6 6. Be3 e5 7. Nb3 Be6 8. f3 h5 9. Be2 Nbd7 10.
a4 Rc8 11. Qd2 Be7 12. Nd5 Bxd5 13. exd5 Nb6 14. Bxb6 Qxb6 15. a5 Qc7 16. c4 O-O 17. O-O Nd7 18. Nc1 Qd8 19. b4 Bg5 20.
Qc3 Nf6 21. Qb3 h4 22. Bd3 Nh5 23. Bf5 Rc7 24. Ne2 g6 25. Bg4 Ng7 26. f4 exf4 27. Nxf4 Bxf4 28. Rxf4 Qg5 29. Raf1 f5 30.
Bd1 Qf6 31. c5 g5 32. Rc4 Kh8 33. Qc3 Qxc3 34. Rxc3 Rfc8 35. Bc2 f4 36. Be4 Ne8 37.
Bf5 Rd8 38. Be6 Nf6 39. Rfc1 Ne8 40. c6 Rb8 41. cxb7 Rcxb7 42. Rc6 Rxb4 43. Rxa6 Rb1 44. Rxb1 Rxb1+ 45. Kf2 Nf6 46. Ra8+ Kg7 47. a6 g4 48. Bf5 Rb2+ 49.
Kg1 Ra2 50. Rd8 Rxa6 51. Be6 Ne4 52. Rd7+ Kf6 53. Kf1 Ra1+ 54. Ke2 Ra2+ 55. Ke1 h3 56. Rf7+ Ke5 57. gxh3 f3 58. Kd1 Ra1+ 59.
Kc2 f2 60. Rf5+ Kd4 0-1

[Event "FIDE U16 Olympiad_boards_81-124"]
[Site "Eindhoven, Netherlands"]
[Date "2023.08.13"]
[Round "1.18"]
[White "Olenik Campa, Rudi"]
[Black "Kaloki, Hawi"]
[Result "1-0"]
[TimeControl "45min+10sec"]
[WhiteElo "2110"]
[BlackElo "1351"]

1. e4 c5 2. Nf3 Nc6 3. Bb5 g6 4. O-O Bg7 5. Re1 e5 6. c3 Nge7 7. d4 cxd4 8. cxd4 Nxd4 9. Nxd4 exd4 10.
Bf4 a6 11. Ba4 b5 12. Bb3 d6 13. Nd2 O-O 14. Nf3 Qb6 15. Qd3 Bb7 16. Rad1 d5 17. e5 Rfd8 18. Nxd4 Rac8 19. h4 h6 20.
h5 g5 21. Be3 Qc7 22. e6 f6 23. Bc2 Kf8 24. Qh7 Qd6 25. Bg6 Rc7 26. Bf7 Rdc8 27. Rd3 Rc4 28. Bd2 Qb6 29. Nf5 Nxf5 30.
Qxf5 Ke7 31. b3 Rc2 32. Bb4+ R2c5 33. Rc1 a5 34. Rxd5 Bxd5 35. Qxd5 Qd6 36. Bxc5 1-0

[Event "FIDE U16 Olympiad_boards_81-124"]
[Site "Eindhoven, Netherlands"]
[Date "2023.08.13"]
[Round "1.19"]
[White "Kuka, Kyle"]
[Black "Skrbec, Leon"]
[Result "0-1"]
[TimeControl "45min+10sec"]
[WhiteElo "1187"]
[BlackElo "2079"]

1. e4 c5 2. c3 Qa5 3. Nf3 d6 4. h3 Nf6 5. Bd3 g6 6. O-O Bg7 7. Bc2 O-O 8. d4 cxd4 9. cxd4 d5 10.
e5 Ne4 11. Re1 Nc6 12. a3 Bf5 13. Nh4 Nxd4 14. b4 Qc7 15. Ra2 Nxc2 16. Rxc2 Qxe5 17. f3 Qd4+ 18. Be3 Qxd1 19. Rxd1 Nd6 20.
Rxd5 Bxc2 0-1

[Event "FIDE U16 Olympiad_boards_81-124"]
[Site "Eindhoven, Netherlands"]
[Date "2023.08.13"]
[Round "1.20"]
[White "Kosak, Karolina"]
[Black "Gikandi, Bernice Wambui"]
[Result "1-0"]
[TimeControl "45min+10sec"]
[WhiteElo "1364"]
[BlackElo "1179"]

1. e4 c5 2. c3 Nc6 3. d4 cxd4 4. cxd4 e6 5. Nf3 Qc7 6. Nc3 d6 7. Bd3 Nf6 8. O-O Be7 9. Re1 O-O 10.
Qe2 a6 11. a4 b6 12. e5 dxe5 13. dxe5 Nd7 14. Qe4 g6 15. Bf4 Nc5 16. Qe3 Nxd3 17. Qxd3 Rd8 18. Qe2 Bb7 19. Rac1 Qb8 20.
Red1 Qa7 21. h4 h5 22. Ne4 Rac8 23. Nd6 Rc7 24. b4 Qb8 25. Ng5 Rf8 26. g4 hxg4 27. Qxg4 Nxb4 28. Rxc7 Qxc7 29.
Rc1 Qd7 30. Rd1 Nd5 31. Bg3 Bc6 32. Rd4 Bxg5 33. Qxg5 Kg7 34. h5 Rh8 35. hxg6 fxg6 36. Rg4 Ne7 37. Qf6+ Kg8 38. Qf7# 1-0

[Event "FIDE U16 Olympiad_boards_81-124"]
[Site "Eindhoven, Netherlands"]
[Date "2023.08.13"]
[Round "1.21"]
[White "Pidluznij, Gleb"]
[Black "Cauchi, Noah"]
[Result "1-0"]
[TimeControl "45min+10sec"]
[WhiteElo "2143"]
[BlackElo "1530"]

1. d4 d5 2. c4 e6 3. Nf3 Nf6 4. g3 c5 5. cxd5 Nxd5 6. Bg2 Nc6 7. dxc5 Bxc5 8. O-O O-O 9. a3 a6 10.
Nbd2 Ba7 11. Qc2 Bd7 12. Qd3 Nce7 13. Nc4 Ng6 14. b3 Bb5 15. Bb2 Nf6 16. Qxd8 Raxd8 17. Rac1 Bc6 18. Rfd1 Bd5 19.
Bxf6 gxf6 20. Nfd2 Bxg2 21. Kxg2 f5 22. Nf3 Ne7 23. Na5 b5 24. Rxd8 Rxd8 25. Rc7 Bb6 26. Rxe7 Bxa5 27. Ra7 Rd6 28.
b4 Bd8 29. Ne5 f6 30. Nd3 e5 31. Ra8 Kf7 32. Ra7+ Kg6 33. h4 h5 34. Kf1 Kh6 35. Ra8 Be7 36. Ra7 Bd8 37. Kg2 Kg6 38.
Ra8 Be7 39. Rc8 a5 40. Rb8 axb4 41. axb4 Rd5 42. f3 Bd6 43. Rd8 Rd4 44. Rd7 Kh6 45. Rb7 Bxb4 46. Rxb5 Bf8 47. Rb6 Bg7 48.
Nxe5 Rd2 49. Kf2 Ra2 50. Nd3 Ra8 51. Rb5 Re8 52. Rxf5 Kg6 53. Rd5 Kf7 54. Rxh5 1-0

[Event "FIDE U16 Olympiad_boards_81-124"]
[Site "Eindhoven, Netherlands"]
[Date "2023.08.13"]
[Round "1.22"]
[White "Zangrilli, Leonardo"]
[Black "Morkunas, Gustas"]
[Result "0-1"]
[TimeControl "45min+10sec"]
[WhiteElo "1205"]
[BlackElo "2069"]

1. e4 c5 2. Nf3 e6 3. d4 cxd4 4. Nxd4 a6 5. Nc3 Qc7 6. a3 Nf6 7. Be3 d6 8. f3 Be7 9. Be2 Nbd7 10.
Qd2 b5 11. O-O-O Bb7 12. g4 Ne5 13. Ndxb5 axb5 14. Nxb5 Qd8 15. Nxd6+ Bxd6 16. Qxd6 Qxd6 17. Rxd6 O-O 18. Bd4 Nc6 19. Bxf6 gxf6 20. Rhd1 Ne5 21.
h4 Rac8 22. b3 Ng6 23. c4 Nf4 24. Bf1 f5 25. g5 fxe4 26. fxe4 e5 27. b4 Bxe4 28. Re1 Bg2 29. c5 Bxf1 30. Rxf1 Rfe8 31. c6 Ne2+ 32.
Kb2 Nd4 33. Rc1 Nf5 34. Rd7 e4 35. c7 e3 36. Re1 Kg7 37. b5 e2 38. b6 Re6 0-1

[Event "FIDE U16 Olympiad_boards_81-124"]
[Site "Eindhoven, Netherlands"]
[Date "2023.08.13"]
[Round "1.23"]
[White "Rudzkis, Vilius"]
[Black "Grima Bongailas, Isaac"]
[Result "1-0"]
[TimeControl "45min+10sec"]
[WhiteElo "1835"]
[BlackElo "1270"]

1. d4 Nf6 2. c4 c5 3. d5 e6 4. Nc3 exd5 5. cxd5 d6 6. e4 g6 7. h3 Bg7 8. Nf3 Nbd7 9. Bd3 O-O 10.
O-O Re8 11. Bf4 Ne5 12. Nxe5 dxe5 13. Be3 b6 14. Qc2 Bb7 15. Rfd1 Rc8 16. Qa4 Ra8 17. Rac1 a6 18. Qb3 Nd7 19.
a4 Rc8 20. Nb1 h5 21. Nd2 Rb8 22. Bc4 Bf8 23. Qd3 Qc8 24. Nb1 Ra8 25. Nc3 Nb8 26. Bg5 Be7 27. Bxe7 Rxe7 28. d6 Rd7 29.
Qg3 Nc6 30. Qxg6+ 1-0

[Event "FIDE U16 Olympiad_boards_81-124"]
[Site "Eindhoven, Netherlands"]
[Date "2023.08.13"]
[Round "1.24"]
[White "Thornton, Hayley"]
[Black "Mickunaite, Agne"]
[Result "0-1"]
[TimeControl "45min+10sec"]
[WhiteElo "1047"]
[BlackElo "1681"]

1. e4 c5 2. Nf3 d6 3.
d4 cxd4 4. Nxd4 Nf6 5. Nc3 g6 6. Be3 Bg7 7. f3 a6 8. Qd2 h5 9. O-O-O Nbd7 10. Kb1 Qc7 11. Nb3 b5 12. Be2 Ne5 13.
Qd4 Nc6 14. Qb6 Qxb6 15. Bxb6 Rb8 16. Be3 Ne5 17. Rd3 Nxd3 18. cxd3 Bd7 19. Rc1 O-O 20. Nd1 Rfc8 21. Nc3 b4 22.
Nd1 Rxc1+ 23. Nxc1 a5 24. Nb3 a4 25. Nd4 e5 26. Nc2 d5 27. Bd2 Bf8 28. Nde3 b3 29. Ne1 Be6 30. a3 d4 31.
Nd1 Nd7 32. Nf2 f5 33. Ba5 Rc8 34. Bd2 Nc5 35. Bc1 Kh7 36. Bd2 Bh6 37. Bc1 Bxc1 38. Kxc1 Nxe4+ 39. Kb1 Nd2+ 40. Ka1 Rc1# 0-1

[Event "FIDE U16 Olympiad_boards_81-124"]
[Site "Eindhoven, Netherlands"]
[Date "2023.08.13"]
[Round "1.25"]
[White "Coetsee, Dewald"]
[Black "Ramaj, Ergit"]
[Result "0-1"]
[TimeControl "45min+10sec"]
[WhiteElo "1276"]
[BlackElo "2012"]

1. e4 e5 2. Nf3 Nc6 3. Bb5 a6 4. Ba4 Nf6 5. d4 Nxd4 6. Nxd4 exd4 7. e5 Nd5 8. Qxd4 Nb6 9. Bb3 d5 10. exd6 Qxd6 11. Be3 Qxd4 12. Bxd4 Bd6 13.
O-O O-O 14. Nc3 Bf5 15. Rad1 Rad8 16. h3 Nd7 17. a4 Nc5 18. Bxc5 Bxc5 19. Rfe1 Bd6 20. Re3 c6 21. Rde1 Bb4 22.
Re5 Bg6 23. h4 Kh8 24. h5 f6 25. hxg6 fxe5 26. Rxe5 Rde8 27. Rh5 Re1+ 28. Kh2 Bd6+ 29. f4 Bxf4+ 30. g3 Bh6 31. g4 hxg6 32. Rh3 Rf2+ 33. Kg3 Re3+ 34. Kxf2 Rxh3 35. Ne4 Bc1 36.
Nd6 Rh2+ 37. Kg3 Re2 38. Kf3 Re3+ 39. Kf2 Re7 40. Nf7+ Kh7 41. g5 Bxb2 42. Kf3 Bc1 43. Kg4 Re4+ 44.
Kf3 Rb4 45. Ke2 a5 46. Kd3 Rg4 47. Ne5 Rxg5 48. Nc4 Bf4 49.
Ke4 Bc7 50. Kd3 Rf5 51. Ne3 Rf8 52. Ng4 Rf4 53. Ne3 g5 54. Be6 Rxa4 55. Bf5+ g6 56. Be4 Bf4 57. Ng4 Kg7 58. Nf2 Be5 59. Ng4 Ra3+ 60. Ke2 Bd4 61.
Bd3 a4 62. Nh2 Rxd3 63. Kxd3 a3 64.
Ke2 0-1

[Event "FIDE U16 Olympiad_boards_81-124"]
[Site "Eindhoven, Netherlands"]
[Date "2023.08.13"]
[Round "1.26"]
[White "Kosta, Kelvin"]
[Black "Strong, Davida"]
[Result "1-0"]
[TimeControl "45min+10sec"]
[WhiteElo "1931"]
[BlackElo "1379"]

1. e4 e6 2. d4 d5 3. e5 c5 4. c3 Nc6 5. Nf3 cxd4 6. cxd4 Nge7 7. Bd3 Qb6 8. a3 Bd7 9. Bc2 Ng6 10.
Nc3 Be7 11. Rb1 a5 12. h4 O-O-O 13. Na4 Qc7 14. Bd2 Kb8 15. b4 axb4 16. axb4 Rc8 17. Bxg6 hxg6 18. b5 Na5 19. Nc5 Nc4 20.
b6 Qc6 21. Bb4 Rhe8 22. Nd2 Nxb6 23. Qb3 Rc7 24. Ba5 Bxc5 25. dxc5 Na4 26. Bxc7+ Qxc7 27. O-O Bc6 28. Nf3 Nxc5 29.
Qc2 Nd7 30. Rfc1 Rc8 31. Qb2 f6 32. Nd4 Nxe5 33. Nxe6 Nc4 34. Rxc4 Qd6 35. Rb4 Rc7 36. Nxc7 Qxc7 37. Rb6 Kc8 38.
Qb4 Kd7 39. Rxb7 Bxb7 40. Qxb7 Kd8 41. Qxd5+ Ke8 42. Qg8+ Kd7 43. Qxg7+ Kd8 44. Qxf6+ Kd7 45. Qf7+ Kd8 46. Qxc7+ Kxc7 47.
Rd1 Kc6 48. g4 Kc5 49. h5 gxh5 50. gxh5 Kc6 51. h6 Kc5 52. h7 Kc4 53. h8=Q Kb4 54. Rc1 Kb5 55. Qb8+ Ka4 56. Ra1# 1-0